 Dungeon Crawl Stone Soup version 0.31-a0-1019-g3dd9dd1025 (webtiles) character file.

Game seed: 13179309541559538709

5849 Chiseanne the Fighter (level 10, -6/80 HPs)
             Began as a Demonspawn Wanderer on Nov 17, 2023.
             Was an Initiate of Gozag.
             Mangled by an orc warlord
             ... wielding a +5 battleaxe
              (24 damage)
             ... in a bailey.
             The game lasted 00:21:46 (7007 turns).

Chiseanne the Fighter (Demonspawn Wanderer)         Turns: 7007, Time: 00:21:47

Health: -6/80      AC: 13    Str: 17    XL:     10   Next: 51%
Magic:  4/4        EV: 15    Int: 15    God:    Gozag
Gold:   423        SH: 12    Dex: 26    Spells: 13/13 levels left

rFire   + . .        a - +8 trident "Loruam" {freeze, Fly Will+ Dex+7}
rCold   + . .        r - +0 kite shield
rNeg    . . .        D - +2 ring mail of Ixzie {rPois rF+ MP-9 Str+6}
rPois   +            n - +2 helmet
rElec   .            F - +0 cloak
rCorr   .            (no gloves)
SInv    .            (no boots)
Will    +....        p - amulet of regeneration
Stlth   ++           d - +4 ring of slaying
HPRegen 1.13/turn    l - ring of protection from cold
MPRegen 0.09/turn

%: no passive effects
@: mighty, flying, hasted, very quick
A: foul stench 2, big brain 1, demonic touch 1
a: Renounce Religion, Potion Petition, Call Merchant, Bribe Branch


You were in a bailey.
You worshipped Gozag.
Gozag was aware of your devotion.
You visited 2 branches of the dungeon, and saw 11 of its levels.
You also visited: Bailey.

You collected 1528 gold pieces.
You spent 644 gold pieces at shops.
You paid 461 gold pieces to Gozag.

Inventory:

Hand Weapons
 a - the +8 trident "Loruam" (weapon) {freeze, Fly Will+ Dex+7}
   (You bought it in a shop on level 10 of the Dungeon)

   Dex+7:     It affects your dexterity (+7).
   Will+:     It increases your willpower.
   Fly:       It grants you flight.
 g - a +0 mace of protection
 o - a +6 club
 s - a +1 hand axe of flaming
 B - the +9 quarterstaff of the Dwarven Hall {venom, rF++ rC-}
   (You found it on level 5 of the Dungeon)

   rF++:      It greatly protects you from fire.
   rC-:       It makes you vulnerable to cold.
 H - a +4 flail of freezing
 K - a +3 long sword
 O - a +2 broad axe of electrocution
 P - the +8 dagger of Contradiction {pain, rPois}
   (You found it on level 2 of the Dungeon)

   rPois:     It protects you from poison
 R - the +9 hand axe "Emim" {spect, rC+ rN++ Will- Stlth+}
   (You found it on level 10 of the Dungeon)

   rC+:       It protects you from cold.
   rN++:      It greatly protects you from negative energy.
   Will-:     It decreases your willpower.
   Stlth+:    It makes you more stealthy.
Missiles
 k - 18 poisoned darts
 u - 2 javelins (quivered)
 C - 23 boomerangs
 N - a curare-tipped dart
Armour
 n - a +2 helmet (worn)
 r - a +0 kite shield (worn)
 D - the +2 ring mail of Ixzie (worn) {rPois rF+ MP-9 Str+6}
   (You found it on level 6 of the Dungeon)

   Str+6:     It affects your strength (+6).
   rF+:       It protects you from fire.
   rPois:     It protects you from poison MP-9: It affects your magic capacity
   (-9).
 F - a +0 cloak (worn)
Magical Staves
 z - a staff of poison
Jewellery
 d - a +4 ring of slaying (left hand)
 j - a +6 ring of strength
 l - a ring of protection from cold (right hand)
 p - an amulet of regeneration (around neck)
 t - an amulet of magic regeneration
 v - a ring of positive energy
Talismans
 f - a maw talisman
Wands
 b - a wand of flame (6)
 w - a wand of paralysis (9)
Scrolls
 y - 8 scrolls of teleportation
 G - a scroll of amnesia
 I - a scroll of blinking
 J - a scroll of fog
 L - a scroll of immolation
 Q - a scroll of enchant weapon
Potions
 c - 3 potions of lignification
 e - a potion of might
 h - a potion of degeneration {unknown}
 i - a potion of cancellation
 m - a potion of curing
 q - a potion of enlightenment
 x - 3 potions of ambrosia
 A - 3 potions of heal wounds
 E - 3 potions of mutation
 M - 3 potions of haste


   Skills:
 * Level 8.2 Fighting
 - Level 1.7 Long Blades
 * Level 7.5 Armour
 * Level 7.4 Dodging
 - Level 1.0 Stealth
 * Level 6.5 Shields
 - Level 2.0 Spellcasting
 - Level 1.7 Ice Magic
 - Level 1.0 Evocations


You had 13 spell levels left.
You didn't know any spells.
Your spell library contained the following spells:

 Spells                   Type           Power      Damage    Failure   Level
 Freeze                   Ice            24%        1d4       41%         1
 Necrotise                Necr           4%         1d4       65%         1
 Slow                     Hex            4%         N/A       65%         1
 Ensorcelled Hibernation  Hex/Ice        8%         N/A       67%         2
 Frozen Ramparts          Ice            12%        1d2       78%         3
 Wereblood                Tmut           1%         N/A       80%         2
 Confusing Touch          Hex            1%         N/A       95%         3
 Sigil of Binding         Hex            1%         N/A       95%         3
 Vampiric Draining        Necr           1%         2d6       95%         3
 Summon Ice Beast         Ice/Summ       4%         N/A       99%         4
 Petrify                  Tmut/Erth      1%         N/A       100%        4
 Agony                    Necr           1%         N/A       100%        5
 Irradiate                Conj/Tmut      0%         3d11      100%        5
 Metabolic Englaciation   Hex/Ice        2%         N/A       100%        5


Dungeon Overview and Level Annotations

Branches:
Dungeon (10/15)            Temple (1/1) D:5            Lair (0/5) D:10
 Bailey (1/1)
    Orc: D:9-12

Altars:
Ashenzari
Cheibriados
Dithmenos
Fedhas
Gozag
Hepliaklqana
Kikubaaqudgha
Makhleb
Nemelex Xobeh
Okawaru
Qazlal
Ru
Sif Muna
Trog
Uskayaw
Vehumet
Wu Jian
Xom
Yredelemnul

Shops:
D:7 (   D:9 *   D:10 (

Annotations:
D:8 Erica, Psyche
D:10 exclusion: oklob plant


Innate Abilities, Weirdness & Mutations

You sometimes emit foul miasma when damaged in melee.
You have an unusually large brain. (Int +2)
Your touch may inflict minor irresistible damage on your foes.


Message History

You reach down and open the gate.
You hit the orc warlord. You freeze the orc warlord.
The orc warlord is lightly wounded.
The orc warlord misses you.
You barely miss the orc warlord.
The orc warlord is lightly wounded.
The orc warlord hits you with a +5 battleaxe!!
You puncture the orc warlord! You freeze the orc warlord.
The orc warlord is moderately wounded.
You block the orc warlord's attack.
You puncture the orc warlord! You freeze the orc warlord.
The orc warlord is moderately wounded.
The orc warlord misses you.
You hit the orc warlord. You freeze the orc warlord.
The orc warlord is moderately wounded.
The orc warlord hits you with a +5 battleaxe.
You closely miss the orc warlord.
The orc warlord is moderately wounded.
The orc warlord hits you with a +5 battleaxe!
You emit a cloud of foul miasma!
You puncture the orc warlord! You freeze the orc warlord.
The orc warlord is heavily wounded.
You puncture the orc warlord! You freeze the orc warlord.
The orc warlord is severely wounded.
The orc warlord is engulfed in dark miasma.
The orc warlord is poisoned.
The orc warlord hits you with a +5 battleaxe!!
You hit the orc warlord. You freeze the orc warlord.
The orc warlord is severely wounded.
The orc warlord is engulfed in dark miasma.
The orc warlord looks even sicker.
The orc warlord hits you with a +5 battleaxe!
* * * LOW HITPOINT WARNING * * *
You hit the orc warlord but do no damage.
The orc warlord is almost dead.
The orc warlord is engulfed in dark miasma.
The orc warlord looks even sicker.
The orc warlord hits you with a +5 battleaxe!!
You die...
Your body crumbles into a pile of gold.

#..........#~~~~~#.....
#..........)...).'....8
#...8......#########...
##......####~~~#~~~##.)
##.....#~~#~.....=~#..
##....#~........?~#..
#...##~8.8...8.8##..
#...'~~........o#...
#..@o~~....∩....#...
#...'~~.........#...
#...##~8.8...8.8##..
##....#~........!~#..
##...).#~~#~.....}~#..
##...)).#### ~~#~~~##..
#...8......#########...
#..........'.....'....8
#..........#~~~~~#.....


You could see an orc warlord (very poisoned).

Vanquished Creatures
  Pikel (D:9)
  Joseph (D:10)
  Maggie (D:10)
  A hornet (D:10)
  A shadow (D:9)
  2 steam dragons
  2 water moccasins (D:7)
  2 ice beasts (D:7)
  A black bear (D:5)
  6 orc warriors
  3 kobold brigands
  2 bullfrogs (D:7)
  19 wights
  3 killer bees (D:10)
  5 howler monkeys
  3 hounds
  5 orc priests
  A gnoll bouda (D:6)
  2 jellies
  6 iguanas
  4 sleepcaps
  Ijyb (D:3)
  Natasha (thrice) (D:2)
  13 orc wizards
  A scorpion zombie (D:2)
  Robin (D:2)
  16 gnolls
  10 adders
  A white imp (D:6)
  2 ufetubi (D:5)
  A spectral adder (D:2)
  An adder skeleton (D:2)
  A worm (D:3)
  2 dart slugs
  46 orcs
  8 ball pythons
  9 endoplasms
  4 giant cockroaches
  14 goblins
  10 hobgoblins
  3 jackals (D:3)
  2 quokkas
  10 bats
  3 frilled lizards
  35 kobolds
  8 rats
276 creatures vanquished.

Vanquished Creatures (others)
  2 orcs (D:6)
2 creatures vanquished.

Grand Total: 278 creatures vanquished

Notes
Turn   | Place    | Note
-------+----------+-------------------------------------------
     0 | D:1      | Chiseanne the Demonspawn Wanderer began the quest for the
                  | Orb.
     0 | D:1      | Chiseanne set off with the following items: a +0 falchion,
                  | a +0 helmet, a potion of lignification, a +0 robe; and the
                  | following spell memorised: Freeze; and the following spells
                  | available to memorise: Ensorcelled Hibernation, Summon Ice
                  | Beast.
     0 | D:1      | Reached XP level 1. HP: 15/15 MP: 3/3
   101 | D:1      | Gained mutation: You may rarely emit foul miasma when
                  | damaged in melee. [demonic ancestry]
   101 | D:1      | Reached XP level 2. HP: 21/21 MP: 5/5
   181 | D:1      | Reached skill level 1 in Dodging
   534 | D:1      | Reached skill level 2 in Fighting
   732 | D:2      | Reached XP level 3. HP: 22/27 MP: 6/6
  1017 | D:2      | Noticed Natasha
  1029 | D:2      | Killed Natasha
  1030 | D:2      | Gained mutation: You have an unusually large brain. (Int
                  | +2) [demonic ancestry]
  1030 | D:2      | Reached XP level 4. HP: 16/34 MP: 7/7
  1392 | D:2      | Noticed Natasha
  1401 | D:2      | Killed Natasha
  1593 | D:2      | Noticed Natasha
  1602 | D:2      | Killed Natasha
  1683 | D:2      | Reached XP level 5. HP: 37/40 MP: 8/8
  1689 | D:2      | Reached skill level 3 in Fighting
  1826 | D:2      | Identified the +8 dagger of Contradiction {pain, rPois}
  1900 | D:3      | Noticed Robin
  1900 | D:3      | Noticed Ijyb
  1972 | D:2      | Killed Robin
  2021 | D:3      | Killed Ijyb
  2270 | D:3      | Reached XP level 6. HP: 32/47 MP: 9/9
  2958 | D:4      | Reached skill level 4 in Fighting
  3047 | D:4      | Reached skill level 1 in Shields
  3182 | D:4      | Reached XP level 7. HP: 48/54 MP: 10/10
  3438 | D:5      | Entered Level 5 of the Dungeon
  3439 | D:5      | Found a staircase to the Ecumenical Temple.
  3443 | D:5      | Identified the +9 quarterstaff of the Dwarven Hall {venom,
                  | rF++ rC-}
  3450 | Temple   | Entered the Ecumenical Temple
  3457 | Temple   | Became a worshipper of Gozag Ym Sagoz the Greedy
  4028 | D:6      | Reached skill level 5 in Fighting
  4035 | D:6      | Gained mutation: You sometimes emit foul miasma when
                  | damaged in melee. [demonic ancestry]
  4035 | D:6      | Reached XP level 8. HP: 62/62 MP: 11/11
  4276 | D:6      | Identified the +2 ring mail of Ixzie {rPois rF+ MP-9 Str+6}
  4409 | D:6      | Reached skill level 5 in Armour
  4465 | D:6      | Reached skill level 5 in Dodging
  4866 | D:7      | Reached skill level 6 in Fighting
  4866 | D:7      | Found Etazol's Hydra Hut.
  4897 | D:7      | Noticed a five-headed hydra
  4903 | D:7      | Gained mutation: Your touch may inflict minor irresistible
                  | damage on your foes. [demonic ancestry]
  4903 | D:7      | Reached XP level 9. HP: 59/69 MP: 3/12
  5595 | D:8      | Reached skill level 5 in Shields
  5605 | D:8      | Noticed Erica
  5777 | D:9      | Reached skill level 7 in Fighting
  5934 | D:9      | Noticed Pikel
  5951 | D:9      | Killed Pikel
  5993 | D:9      | Reached XP level 10. HP: 73/79 MP: 4/13
  6258 | D:8      | Noticed Psyche
  6326 | D:9      | Found Xoninauf's Specific Store.
  6329 | D:9      | Found Gaiball's General Store.
  6333 | D:9      | Bought a potion of haste for 120 gold pieces
  6333 | D:9      | Bought 2 scrolls of teleportation for 72 gold pieces
  6337 | D:9      | Bought a scroll of identify for 34 gold pieces
  6564 | D:10     | Entered Level 10 of the Dungeon
  6564 | D:10     | Noticed an oklob plant
  6564 | D:10     | Noticed Maggie
  6564 | D:10     | Found a staircase to the Lair.
  6585 | D:10     | Killed Maggie
  6593 | D:10     | Bought a glowing broad axe for 189 gold pieces
  6593 | D:10     | Bought a dazzling trident for 229 gold pieces
  6593 | D:10     | Identified the +8 trident "Loruam" {freeze, Fly Will+
                  | Dex+7} (You bought it in a shop on level 10 of the Dungeon)
  6603 | D:10     | Noticed Joseph
  6620 | D:10     | Killed Joseph
  6636 | D:10     | Reached skill level 8 in Fighting
  6720 | D:10     | Paralysed by a hornet for 2 turns
  6769 | D:10     | Found a flagged portal.
  6778 | D:10     | Identified the +9 hand axe "Emim" {spect, rC+ rN++ Will-
                  | Stlth+}
  6789 | Bailey   | Entered a bailey
  6794 | Bailey   | Noticed an orc warlord
  6873 | Bailey   | Found a runed translucent gate.
  6875 | Bailey   | Found a runed translucent gate.
  6879 | Bailey   | Found a runed translucent gate.
  7007 | Bailey   | Mangled by an orc warlord

Illustrated notes

Levels and vault maps discovered:
D:1:      lightli_arrival_statuegarden, layout_rooms, minmay_crystal_water
D:2:      layout_basic, dilly_guarded_unrand_morg
D:3:      layout_rooms, uniq_robin, uniq_ijyb
D:4:      layout_basic, roderic_batcave
D:5:      layout_cave_pools, minmay_temple_entry_arrows
D:6:      layout_cave_pools, sigmund_army
D:7:      layout_cave_pools, zin_treasury, doesnt_shop_hydraphobe
D:8:      layout_basic, serial_shops, kennysheep_mini, uniq_erica, uniq_maurice,
          uniq_psyche
D:9:      layout_basic, nicolae_specific_store, uniq_pikel
D:10:     layout_loops_ring, dpeg_oklobed_lair, hiddenorc1_lemuel,
          enter_bailey_2, reono_crystal_passage, uniq_maggie, uniq_joseph
Temple:   compressed_dpeg_circular_temple
Bailey:   bailey_axe_bossmonster_kennysheep, bailey

Skill      XL: |  1  2  3  4  5  6  7  8  9 10 |
---------------+-------------------------------+-----
Dodging        | 1 2 3 4 5 6 7 |  7.4
Fighting       | 2 3 4 5 6 7 8 |  8.2
Armour         | 2 3 4 5 6 7 |  7.5
Shields        | 1 2 4 5 6 |  6.5
Long Blades    | |  1.7
Stealth        | |  1.0
Spellcasting   | |  2.0
Ice Magic      | |  1.7
Evocations     | |  1.0

Action                     |  1- 3 |  4- 6 |  7- 9 | 10-12 || total
---------------------------+-------+-------+-------+-------++-------
  Melee: Falchion          |    80 |    50 |       |       ||   130
         Punch             |     1 |     1 |       |       ||     2
         Dagger            |       |   167 |   410 |    61 ||   638
         Trident           |       |       |       |    98 ||    98
  Throw: Dart              |       |       |    11 |       ||    11
         Javelin           |       |       |     2 |       ||     2
 Invoke: Call Merchant     |       |       |       |     1 ||     1
  Evoke: Wand              |       |     1 |     2 |       ||     3
    Use: Scroll            |     1 |     4 |    11 |     3 ||    19
         Potion            |       |       |       |     2 ||     2
   Stab: Sleeping          |     1 |       |       |       ||     1
         Paralysed         |       |       |     3 |       ||     3
         Distracted        |       |       |       |     2 ||     2
 Armour: Ring mail         |    56 |   138 |   218 |    74 ||   486
         Robe              |     1 |       |       |       ||     1
  Dodge: Dodged            |    45 |   119 |   179 |    63 ||   406
  Block: Kite shield       |       |    35 |   208 |    94 ||   337

Table legend: (Time is in decaauts)
 A = Elapsed time spent in this place.
 B = Non-inter-level travel time spent in this place.
 C = Inter-level travel time spent in this place.
 D = Time resting spent in this place.
 E = Time spent auto-exploring this place.
 F = Levels seen in this place.
 G = Mean time per level.
                   A        B        C        D        E       F      G
               +--------+--------+--------+--------+--------+-----+--------+
         Total |   7140 |   6974 |    166 |    624 |   3806 |  12 |  595.0 |
       Dungeon |   6895 |   6729 |    166 |    624 |   3796 |  10 |  689.5 |
        Temple |     14 |     14 |      0 |      0 |      0 |   1 |   14.0 |
        Bailey |    230 |    230 |      0 |      0 |     10 |   1 |  230.0 |
               +--------+--------+--------+--------+--------+-----+--------+

Top non-repeatable levels by time:
     D:2: 1318 daAuts
     D:9: 954 daAuts
     D:1: 810 daAuts
     D:3: 757 daAuts
     D:6: 749 daAuts
     D:7: 707 daAuts
     D:5: 642 daAuts
     D:4: 599 daAuts
    D:10: 252 daAuts
  Bailey: 230 daAuts
     D:8: 102 daAuts
  Temple: 14 daAuts
